 Dungeon Crawl Stone Soup version 0.23.0 (webtiles) character file.

Game seed: 3606895057723979095

35 Moonlightfire the Skirmisher (level 3, 0/31 HPs)
             Began as a Draconian Fighter on Feb 17, 2019.
             Succumbed to an adder's poison
             ... on level 2 of the Dungeon.
             The game lasted 00:11:03 (1135 turns).

Moonlightfire the Skirmisher (Draconian Fighter)    Turns: 1135, Time: 00:11:04

Health: 0/31       AC:  5    Str: 17 (19) XL:     3   Next: 16%
Magic:  3/3        EV: 13    Int:  8 (10) God:
Gold:   67         SH:  0    Dex:  9 (10) Spells: 2/2 levels left

rFire    . . .     SeeInvis .   a - +0 long sword
rCold    . . .     Gourm    .   (no shield)
rNeg     . . .     Faith    .   (armour unavailable)
rPois    .         Spirit   .   (helmet restricted)
rElec    .         Reflect  .   (no cloak)
rCorr    .         Harm     .   (no gloves)
MR       .....                  (no boots)
Stlth    +.........             (no amulet)
HPRegen  0.10/turn              g - +2 ring of intelligence
MPRegen  0.08/turn              (no ring)

@: lethally poisoned (0 -> -8)
A: unfitting armour, cold-blooded, AC +5
a: no special abilities


You were on level 2 of the Dungeon.
You were very full.

You visited 1 branch of the dungeon, and saw 2 of its levels.

You collected 67 gold pieces.

Inventory:

Hand Weapons
 a - a +0 long sword (weapon)
 c - a +0 dagger
 d - a +0 whip
 j - a +0 dagger
 o - a +0 mace
 p - a +0 dagger
Missiles
 k - 28 stones
 q - 26 arrows (quivered)
Armour
 b - a +0 shield
 e - a +0 robe
 f - a +0 robe
 h - a +0 scale mail
 i - a +0 chain mail
 l - a cursed +0 ring mail
 m - a +0 large shield
 r - a +0 robe
Jewellery
 g - a +2 ring of intelligence (left hand)


   Skills:
 + Level 3.5 Fighting
 + Level 2.5 Long Blades
 + Level 3.1 Dodging
 + Level 0.1 Stealth
 + Level 3.3 Shields


You had 2 spell levels left.
You didn't know any spells.
Your spell library was empty.

Dungeon Overview and Level Annotations

Branches:
Dungeon (2/15)

Altars:

Annotations:
D:2 Natasha


Innate Abilities, Weirdness & Mutations

Your plain brown scales are hard. (AC +5)
You cannot fit into any form of body armour.
You are cold-blooded and may be slowed by cold attacks.


Message History

You hit the kobold but do no damage.
You feel sick. The adder bites you but does no damage.
The kobold closely misses you.
You riposte.
You hit the kobold.
You kill the kobold!
You barely miss the adder.
Your tail-slap misses the adder.
The adder bites you.
* * * LOW HITPOINT WARNING * * *
The adder bites you but does no damage.
You miss the adder.
You feel sick. The adder bites you.
* * * LOW HITPOINT WARNING * * *
The adder bites you.
* * * LOW HITPOINT WARNING * * *
You are more poisoned.
The adder poisons you!
You hit the adder.
Your tail-slap misses the adder.
The adder is severely wounded.
The adder closely misses you. The rat misses you.
You barely miss the adder.
The adder is severely wounded.
You die...

...#. #.
.#.....## .....
.#. '...... ....
.... #.....# ...
.....#.....# .
.## .....#.....#
.. ..#
........#..# ...
..# ..
.......Sr..#....
..##..
.......@).......
......
....####........
...... .
#........ ......
#.......# ......
......#.. ......
..........
......
...........
.#####
.......#..##
......
..........?<.


You could see an adder and a rat.

Vanquished Creatures
  An ooze (D:1)
  An orc (D:2)
  2 bats (D:1)
  A giant cockroach (D:2)
  5 goblins (D:1)
  2 hobgoblins
  4 jackals (D:1)
  A quokka (D:2)
  4 kobolds
  7 rats (D:1)
28 creatures vanquished.

Notes
Turn   | Place    | Note
-------+----------+-------------------------------------------
     0 | D:1      | Moonlightfire the Draconian Fighter began the quest for the
                  | Orb.
     0 | D:1      | Reached XP level 1. HP: 19/19 MP: 1/1
     3 | D:1      | Noticed an electric eel
   132 | D:1      | Reached XP level 2. HP: 24/26 MP: 2/2
  1027 | D:2      | Noticed Natasha
  1046 | D:2      | Reached XP level 3. HP: 6/31 MP: 3/3
  1133 | D:2      | HP: 1/31 [adder (4)]
  1135 | D:2      | Succumbed to an adder's poison

Skill      XL: |  1  2 |
---------------+-------+-----
Dodging        | 3 |  3.1
Fighting       | |  3.5
Long Blades    | |  2.5
Stealth        | |  0.1
Shields        | |  3.3

Action                   || total
-------------------------++-------
Melee: Long sword        ||    59
       Tailslap          ||     7
  Use: Potion            ||     3
       Scroll            ||     1
  Eat: Ration            ||     2
Armor: Skin              ||    25
Dodge: Dodged            ||    42
Block: Shield            ||    46
       Rpst.: Long sword ||    15
